[Event "42nd Olympiad Baku 2016 Women"]
[Site "Baku"]
[Date "2016.09.03"]
[Round "2.26"]
[White "Kukula, Esi"]
[Black "Jose Polanco, Kenia"]
[Result "0-1"]
[ECO "B27"]
[WhiteElo "1264"]
[BlackElo "1923"]
[Annotator ""]
[PlyCount "41"]
[EventDate "2016.??.??"]
[EventCountry "AZE"]
[SourceTitle "playchess.com"]
[Source "ChessBase"]
[WhiteTeam "Ghana"]
[BlackTeam "Dominican Republic"]
[WhiteTeamCountry "GHA"]
[BlackTeamCountry "DOM"]
[TimeControl "40/5400+30:1800+30"]

1. e4 {(00:00)} c5 {(00:00)} 2. Nf3 {(01:36)} g6 {(
00:00)} 3. d4 {(02:12)} cxd4 {(00:00)} 4. Nxd4 {(00:11)}
Nf6 {(00:03)} 5. Nc3 {(01:26)} Nc6 {(02:30)} 6. Be3 {
(02:06)} Bg7 {(00:43)} 7. Qd2 {(04:30)} Ng4 {(01:
10)} 8. Bf4 {(15:38)} Bxd4 {(02:19)} 9. Bg3 {(20:06)} Bg7
{(12:21)} 10. O-O-O {(02:38)} Qa5 {(08:02)} 11. f3 {
(05:03)} Nf6 {(02:27)} 12. Bc4 {(03:24)} O-O {(04:
26)} 13. Bb3 {(00:39)} b5 {(01:19)} 14. Kb1 {(00:48)} Qb6
{(01:33)} 15. Bf4 {(03:58)} a5 {(02:30)} 16. h4 {(
03:12)} h5 {(05:54)} 17. g4 {(03:13)} a4 {(01:33)} 18. Bd5
{(05:14)} b4 {(00:37)} 19. g5 {(06:31)} bxc3 {(00:
12)} 20. Qxc3 {(00:45)} Nxd5 {(00:37)} 21. exd5 {(00:24)}
0-1

[Event "42nd Olympiad Baku 2016 Women"]
[Site "Baku"]
[Date "2016.09.03"]
[Round "2.29"]
[White "Lebel-Arias, Julia"]
[Black "Milligan, Helen"]
[Result "0-1"]
[ECO "A48"]
[WhiteElo "1802"]
[BlackElo "2040"]
[Annotator ""]
[PlyCount "66"]
[EventDate "2016.??.??"]
[EventCountry "AZE"]
[SourceTitle "playchess.com"]
[Source "ChessBase"]
[WhiteTeam "Monaco"]
[BlackTeam "New Zealand"]
[WhiteTeamCountry "MNC"]
[BlackTeamCountry "NZL"]
[TimeControl "40/5400+30:1800+30"]

1. d4 {(00:00)} Nf6 {(00:00)} 2. Nf3 {(00:00)} g6 {
(00:00)} 3. Bf4 {(00:20)} Bg7 {(00:25)} 4. c3 {(00:
30)} d6 {(02:18)} 5. h3 {(01:00)} O-O {(01:43)} 6. Nbd2 {
(00:49)} Nbd7 {(05:11)} 7. e4 {(01:15)} c5 {(04:01]
} 8. dxc5 {(00:42)} Nxc5 {(04:06)} 9. Qc2 {(00:11)} Bd7 {
(03:39)} 10. Be3 {(06:07)} Qc7 {(02:40)} 11. Rc1 {(
00:33)} a6 {(02:38)} 12. Be2 {(00:32)} Rac8 {(03:13)} 13.
O-O {(00:55)} Rfd8 {(05:16)} 14. Qb1 {(00:58)} d5 {
(04:20)} 15. exd5 {(03:05)} Bf5 {(01:02)} 16. Qa1 {
(00:12)} Nxd5 {(01:32)} 17. Bxc5 {(00:38)} Qxc5 {(
00:33)} 18. Nb3 {(00:10)} Qb6 {(01:52)} 19. Nbd4 {(01:47)}
Nf4 {(01:18)} 20. Rfe1 {(01:34)} e5 {(06:51)} 21. Nxf5 {
(00:47)} gxf5 {(00:07)} 22. Bf1 {(00:53)} e4 {(01:
03)} 23. Nh4 {(01:54)} Qf6 {(01:35)} 24. g3 {(00:37)} Nd3
{(02:48)} 25. Bxd3 {(00:22)} Rxd3 {(00:24)} 26. Rcd1 {
(00:39)} Rcd8 {(00:52)} 27. Rxd3 {(00:37)} Rxd3 {(
00:16)} 28. Re2 {(01:52)} Qd8 {(03:30)} 29. Qf1 {(01:02)}
Qd5 {(09:06)} 30. a3 {(02:11)} Bh6 {(00:54)} 31. Ng2 {
(03:04)} Qd6 {(02:31)} 32. Ne3 {(03:14)} Bxe3 {(04:
32)} 33. fxe3 {(01:08)} Rd1 0-1

[Event "42nd Olympiad Baku 2016 Women"]
[Site "Baku"]
[Date "2016.09.03"]
[Round "2.9"]
[White "Leboela, Maboloko"]
[Black "ALbarbari, Vin Kamal Jalal Adi"]
[Result "1-0"]
[ECO "C68"]
[WhiteElo "1406"]
[BlackElo "1592"]
[Annotator ""]
[PlyCount "65"]
[EventDate "2016.??.??"]
[EventCountry "AZE"]
[SourceTitle "playchess.com"]
[Source "ChessBase"]
[WhiteTeam "Lesotho"]
[BlackTeam "Iraq"]
[WhiteTeamCountry "LES"]
[BlackTeamCountry "IRQ"]
[TimeControl "40/5400+30:1800+30"]

1. e4 {(00:00)} e5 {(00:00)} 2. Nf3 {(00:00)} Nc6 {
(00:00)} 3. Bb5 {(00:55)} a6 {(00:07)} 4. Bxc6 {(
01:36)} dxc6 {(00:19)} 5. O-O {(00:36)} Bd6 {(03:42)} 6.
b3 {(01:51)} Bg4 {(01:00)} 7. Bb2 {(03:28)} Qe7 {(
06:24)} 8. d4 {(01:41)} O-O-O {(02:54)} 9. h3 {(03:44)}
Bh5 {(00:39)} 10. Nbd2 {(00:08)} exd4 {(05:47)} 11. Bxd4 {
(03:26)} Be5 {(12:46)} 12. Bxe5 {(02:11)} Bxf3 {(
04:15)} 13. Qxf3 {(00:14)} Qxe5 {(00:30)} 14. Nc4 {(01:50]
} Qf6 {(02:56)} 15. Qg4+ {(00:42)} Kb8 {(02:14)} 16. Rad1
{(04:48)} Ne7 {(03:10)} 17. Rd7 {(03:49)} Ng6 {(08:
54)} 18. Rfd1 {(01:03)} Rhe8 {(01:54)} 19. e5 {(01:05)}
Nxe5 {(12:36)} 20. Nxe5 {(00:13)} Rc8 {(01:39)} 21. Nxf7 {
(00:59)} h6 {(01:59)} 22. Qh5 {(04:36)} Rf8 {(02:
07)} 23. R1d3 {(06:19)} g6 {(02:16)} 24. Qf3 {(02:30)}
Qa1+ {(06:50)} 25. Kh2 {(00:56)} Qg7 {(01:07)} 26. Qf4 {
(00:53)} g5 {(01:27)} 27. Qf5 {(00:14)} Qg8 {(01:
46)} 28. Rf3 {(00:32)} Rce8 {(03:45)} 29. Qc5 {(00:59)} g4
{(05:15)} 30. Nxh6 {(01:36)} Qe6 {(02:22)} 31. Rxf8 {
(00:52)} Qxd7 {(00:30)} 32. Rxe8+ {(00:18)} Qxe8 {(
00:26)} 33. Nxg4 {(00:06)} 1-0

[Event "42nd Olympiad Baku 2016 Women"]
[Site "Baku"]
[Date "2016.09.03"]
[Round "2.12"]
[White "Lee Lok Yi"]
[Black "Kremer, Nadine"]
[Result "0-1"]
[ECO "A01"]
[WhiteElo "1497"]
[BlackElo "1844"]
[Annotator ""]
[PlyCount "56"]
[EventDate "2016.??.??"]
[EventCountry "AZE"]
[SourceTitle "playchess.com"]
[Source "ChessBase"]
[WhiteTeam "Hong Kong"]
[BlackTeam "Luxembourg"]
[WhiteTeamCountry "HKG"]
[BlackTeamCountry "LUX"]
[TimeControl "40/5400+30:1800+30"]

1. b3 {(00:00)} e5 {(00:00)} 2. e3 {(00:00)} Nc6 {(
00:16)} 3. Bb2 {(00:00)} Nf6 {(00:51)} 4. Nf3 {(00:15)} e4
{(02:05)} 5. Ne5 {(00:29)} Nxe5 {(09:40)} 6. Bxe5 {
(00:06)} d5 {(00:08)} 7. c4 {(02:48)} dxc4 {(10:04]
} 8. Bxc4 {(01:40)} Bd6 {(00:22)} 9. Bb2 {(02:28)} O-O {
(02:10)} 10. O-O {(02:22)} Re8 {(01:47)} 11. Nc3 {(
02:34)} c6 {(04:18)} 12. h3 {(04:55)} Qe7 {(02:29)} 13. a3
{(04:47)} Qe5 {(04:13)} 14. f4 {(17:18)} exf3 {(06:
55)} 15. Qxf3 {(03:16)} Be6 {(16:48)} 16. d4 {(07:35)} Qg3
{(09:44)} 17. Rae1 {(10:44)} b5 {(10:55)} 18. Bxe6 {
(01:14)} Rxe6 {(00:14)} 19. e4 {(02:21)} Qh4 {(09:
28)} 20. Kh1 {(02:26)} Rf8 {(03:35)} 21. e5 {(01:22)} Nh5
{(00:12)} 22. exd6 {(07:27)} Rxe1 {(02:35)} 23. Rxe1 {
(03:35)} Qxe1+ {(00:02)} 24. Kh2 {(00:20)} g6 {(02:
04)} 25. Ne2 {(14:07)} Rd8 {(00:51)} 26. g4 {(01:01)} Ng7
{(00:34)} 27. d5 {(01:53)} Rxd6 {(00:37)} 28. dxc6 {
(01:20)} Rd2 {(00:19)} 0-1

[Event "42nd Olympiad Baku 2016 Women"]
[Site "Baku"]
[Date "2016.09.03"]
[Round "2.13"]
[White "Li, Ruofan"]
[Black "Khademalsharieh, Sarasadat"]
[Result "1/2-1/2"]
[ECO "E32"]
[WhiteElo "2353"]
[BlackElo "2429"]
[Annotator ""]
[PlyCount "68"]
[EventDate "2016.??.??"]
[EventCountry "AZE"]
[SourceTitle "playchess.com"]
[Source "ChessBase"]
[WhiteTeam "Singapore"]
[BlackTeam "Iran"]
[WhiteTeamCountry "SIN"]
[BlackTeamCountry "IRI"]
[TimeControl "40/5400+30:1800+30"]

1. d4 {(00:00)} Nf6 {(00:00)} 2. c4 {(00:00)} e6 {(
00:00)} 3. Nc3 {(00:00)} Bb4 {(00:02)} 4. Qc2 {(00:00)} b6
{(00:22)} 5. a3 {(00:30)} Bxc3+ {(00:23)} 6. Qxc3 {
(00:05)} Bb7 {(00:11)} 7. f3 {(00:17)} d5 {(06:12)}
8. Bg5 {(00:11)} Nbd7 {(00:42)} 9. cxd5 {(01:12)} Nxd5 {
(05:34)} 10. Qd2 {(06:29)} N5f6 {(02:08)} 11. e4 {(
07:08)} h6 {(00:07)} 12. Be3 {(00:26)} Qe7 {(03:47)} 13.
Rc1 {(17:16)} Rc8 {(01:09)} 14. Nh3 {(08:26)} O-O {
(03:41)} 15. Bc4 {(04:35)} c5 {(02:55)} 16. dxc5 {(
03:01)} Nxc5 {(00:49)} 17. O-O {(00:12)} Rfd8 {(00:58)}
18. Qe2 {(00:14)} e5 {(19:37)} 19. Nf2 {(02:57)} Ne6 {
(01:11)} 20. Ba6 {(02:01)} Rxc1 {(02:48)} 21. Rxc1 {
(00:04)} Nd4 {(00:32)} 22. Bxd4 {(00:05)} Rxd4 {(
00:05)} 23. Bxb7 {(24:30)} Qxb7 {(01:23)} 24. Rd1 {(01:10]
} Qd7 {(01:09)} 25. g3 {(00:32)} h5 {(00:46)} 26. Kg2 {
(02:25)} g6 {(04:10)} 27. Rxd4 {(00:44)} Qxd4 {(00:
08)} 28. b4 {(00:28)} Ne8 {(13:39)} 29. Qd3 {(05:05)} Qd6
{(09:39)} 30. Qxd6 {(09:55)} Nxd6 {(00:08)} 31. Nd1 {
(00:08)} Kf8 {(03:59)} 32. Nc3 {(00:50)} Ke7 {(00:
37)} 33. Kf2 {(00:30)} Kd7 {(02:19)} 34. Ke2 {(02:22)} Kc6
{(00:45)} 1/2-1/2

[Event "42nd Olympiad Baku 2016 Women"]
[Site "Baku"]
[Date "2016.09.03"]
[Round "2.31"]
[White "Llaudy Pupo, Lisandra"]
[Black "Hamza, Amira"]
[Result "1-0"]
[ECO "C00"]
[WhiteElo "2269"]
[BlackElo "1918"]
[Annotator ""]
[PlyCount "59"]
[EventDate "2016.??.??"]
[EventCountry "AZE"]
[SourceTitle "playchess.com"]
[Source "ChessBase"]
[WhiteTeam "Cuba"]
[BlackTeam "Algeria"]
[WhiteTeamCountry "CUB"]
[BlackTeamCountry "ALG"]
[TimeControl "40/5400+30:1800+30"]

1. e4 {(00:00)} e6 {(00:00)} 2. d3 {(00:03)} d5 {(
00:19)} 3. Nd2 {(00:12)} Nf6 {(00:40)} 4. Ngf3 {(00:26)}
Nc6 {(01:28)} 5. c3 {(04:20)} a5 {(04:11)} 6. e5 {(
05:16)} Nd7 {(02:06)} 7. d4 {(02:11)} f6 {(09:18)} 8. Bb5
{(14:49)} fxe5 {(06:06)} 9. dxe5 {(00:34)} Be7 {(
02:17)} 10. Nd4 {(10:44)} Nxd4 {(06:21)} 11. cxd4 {(00:09]
} O-O {(05:37)} 12. Qg4 {(02:47)} Nb6 {(04:18)} 13. Nf3 {
(04:14)} Bd7 {(03:21)} 14. Bd3 {(02:15)} Bb4+ {(02:
18)} 15. Kf1 {(10:20)} Qe8 {(10:31)} 16. Kg1 {(03:19)} Qf7
{(06:23)} 17. Bxh7+ {(01:55)} Kxh7 {(03:24)} 18. Ng5+ {
(00:07)} Kg8 {(00:05)} 19. Nxf7 {(00:04)} Rxf7 {(
00:06)} 20. h4 {(05:31)} Raf8 {(07:47)} 21. Be3 {(05:37)}
Nc4 {(02:12)} 22. h5 {(03:20)} Nxe3 {(07:15)} 23. fxe3 {
(00:03)} Bd2 {(06:11)} 24. Rh3 {(00:24)} Rf5 {(04:
02)} 25. Qg6 {(03:11)} R8f7 {(01:07)} 26. h6 {(00:49)} Bb4
{(01:04)} 27. Rf3 {(01:40)} Bf8 {(02:42)} 28. h7+ {
(00:54)} Kh8 {(00:06)} 29. Qxf7 {(00:17)} Rxf7 {(
00:14)} 30. Rxf7 {(00:02)} 1-0

[Event "42nd Olympiad Baku 2016 Women"]
[Site "Baku"]
[Date "2016.09.03"]
[Round "2.11"]
[White "Lubbe, Melanie"]
[Black "Atabayeva, Gozel"]
[Result "1-0"]
[ECO "B90"]
[WhiteElo "2324"]
[BlackElo "2021"]
[Annotator ""]
[PlyCount "163"]
[EventDate "2016.??.??"]
[EventCountry "AZE"]
[SourceTitle "playchess.com"]
[Source "ChessBase"]
[WhiteTeam "Germany"]
[BlackTeam "Turkmenistan"]
[WhiteTeamCountry "GER"]
[BlackTeamCountry "TKM"]
[TimeControl "40/5400+30:1800+30"]

1. e4 {(00:00)} c5 {(00:13)} 2. Nf3 {(00:00)} d6 {(
00:09)} 3. d4 {(00:00)} cxd4 {(00:05)} 4. Nxd4 {(00:00)}
Nf6 {(00:10)} 5. Nc3 {(00:00)} a6 {(00:46)} 6. Be3 {
(00:06)} e6 {(01:37)} 7. Be2 {(00:12)} Qc7 {(02:01]
} 8. g4 {(00:27)} b5 {(01:44)} 9. g5 {(02:21)} Nfd7 {
(00:26)} 10. a3 {(00:43)} Nb6 {(04:55)} 11. f4 {(
06:15)} N8d7 {(02:51)} 12. Qd2 {(18:24)} Bb7 {(09:36)} 13.
f5 {(16:30)} e5 {(05:18)} 14. Nb3 {(04:45)} Nc4 {(
01:57)} 15. Bxc4 {(01:22)} bxc4 {(00:25)} 16. Nc1 {(02:55]
} Rc8 {(07:20)} 17. N1a2 {(01:38)} Nc5 {(04:30)} 18. Bxc5
{(08:51)} Qxc5 {(01:28)} 19. Nb4 {(01:21)} Be7 {(
01:34)} 20. O-O-O {(08:11)} Qd4 {(16:36)} 21. h4 {(01:49)}
Qxd2+ {(02:47)} 22. Rxd2 {(00:11)} h6 {(01:00)} 23. Rg1 {
(03:00)} hxg5 {(00:32)} 24. hxg5 {(00:02)} Kd7 {(
03:22)} 25. Nbd5 {(02:22)} Bd8 {(00:55)} 26. g6 {(03:17)}
f6 {(01:43)} 27. Rdd1 {(02:40)} Ba5 {(04:28)} 28. Na4 {
(02:43)} Rb8 {(04:26)} 29. Nab6+ {(05:35)} Bxb6 {(
00:24)} 30. Nxb6+ {(00:02)} Kc7 {(00:23)} 31. Nd5+ {(03:
44)} Bxd5 {(00:46)} 32. Rxd5 {(00:19)} Rh4 {(02:52)} 33.
Re1 {(00:08)} Rbh8 {(00:59)} 34. Ra5 {(01:51)} Kb6 {
(00:15)} 35. Ra4 {(01:34)} Rc8 {(04:28)} 36. Rb4+ {
(00:10)} Ka7 {(00:15)} 37. Re3 {(02:01)} Rc5 {(01:
43)} 38. Kd2 {(01:33)} a5 {(01:32)} 39. Ra4 {(00:01)} d5 {
(03:33)} 40. b4 {(00:00)} cxb3 {(00:00)} 41. cxb3 {
(03:43)} d4 {(09:51)} 42. Re2 {(00:14)} Kb6 {(02:
27)} 43. b4 {(01:03)} axb4 {(01:57)} 44. Rxb4+ {(01:05)}
Kc7 {(03:29)} 45. Rb3 {(05:51)} Rh1 {(01:58)} 46. Re1 {
(07:03)} Rh2+ {(00:39)} 47. Re2 {(00:22)} Rc2+ {(
09:02)} 48. Kxc2 {(00:04)} Rxe2+ {(00:05)} 49. Kd3 {(02:
01)} Re3+ {(00:25)} 50. Kc4 {(00:02)} Rxe4 {(04:32)} 51.
Rh3 {(03:07)} Rf4 {(00:18)} 52. Rh7 {(00:45)} Rxf5 {
(00:07)} 53. Rxg7+ {(02:17)} Kd6 {(02:23)} 54. a4 {
(02:48)} Rf1 {(01:34)} 55. a5 {(01:09)} Rc1+ {(00:
18)} 56. Kd3 {(00:46)} Rc3+ {(00:17)} 57. Ke2 {(01:12)}
Rc8 {(02:15)} 58. a6 {(01:22)} e4 {(02:17)} 59. a7 {
(00:10)} Kc6 {(01:09)} 60. Rf7 {(01:10)} d3+ {(01:
56)} 61. Kd2 {(02:01)} Rd8 {(02:22)} 62. Rxf6+ {(00:55)}
Kb7 {(00:19)} 63. Rf7+ {(00:34)} Ka8 {(00:06)} 64. Re7 {
(02:50)} e3+ {(00:34)} 65. Rxe3 {(00:06)} Kxa7 {(
00:04)} 66. Rxd3 {(00:21)} Rg8 {(00:13)} 67. Rg3 {(01:07)}
Kb6 {(00:39)} 68. Ke3 {(00:12)} Kc6 {(00:24)} 69. Kf4 {
(00:20)} Kd6 {(00:08)} 70. Kg5 {(01:10)} Ra8 {(00:
43)} 71. Kf6 {(00:57)} Rf8+ {(00:15)} 72. Kg7 {(00:15)}
Rf2 {(00:13)} 73. Re3 {(00:44)} Rg2 {(00:17)} 74. Kf7 {
(00:07)} Rf2+ {(00:05)} 75. Kg8 {(00:05)} Rg2 {(00:
27)} 76. g7 {(00:05)} Kd7 {(00:11)} 77. Re4 {(01:10)} Rg1
{(00:51)} 78. Kf7 {(00:21)} Rf1+ {(00:06)} 79. Kg6 {
(00:26)} Rg1+ {(00:13)} 80. Kf6 {(00:23)} Rg2 {(00:
44)} 81. Re5 {(00:45)} Rf2+ {(00:38)} 82. Rf5 {(00:21)}
1-0

[Event "42nd Olympiad Baku 2016 Women"]
[Site "Baku"]
[Date "2016.09.03"]
[Round "2.1"]
[White "Lujan, Carolina"]
[Black "Alattar, Ghayda M"]
[Result "1-0"]
[ECO "C55"]
[WhiteElo "2378"]
[BlackElo "1964"]
[Annotator ""]
[PlyCount "95"]
[EventDate "2016.??.??"]
[EventCountry "AZE"]
[SourceTitle "playchess.com"]
[Source "ChessBase"]
[WhiteTeam "Argentina"]
[BlackTeam "Jordan"]
[WhiteTeamCountry "ARG"]
[BlackTeamCountry "JOR"]
[TimeControl "40/5400+30:1800+30"]

1. e4 {(00:00)} e5 {(00:00)} 2. Nf3 {(00:00)} Nc6 {
(00:00)} 3. Bc4 {(00:09)} Nf6 {(00:00)} 4. d3 {(00:
11)} Be7 {(00:00)} 5. O-O {(00:27)} O-O {(00:00)} 6. Bb3 {
(00:20)} d6 {(02:18)} 7. c3 {(00:31)} Qe8 {(10:25)}
8. Re1 {(01:11)} Kh8 {(08:11)} 9. d4 {(24:19)} Bg4 {
(07:53)} 10. d5 {(05:55)} Nb8 {(10:53)} 11. h3 {(
02:30)} Bxf3 {(06:28)} 12. Qxf3 {(00:05)} Nbd7 {(00:48)}
13. Nd2 {(05:12)} Rg8 {(02:13)} 14. Nf1 {(01:39)} Nf8 {
(09:59)} 15. Ne3 {(09:53)} Ng6 {(04:28)} 16. Nf5 {(
00:39)} Bd8 {(02:35)} 17. Be3 {(09:27)} Ne7 {(11:38)} 18.
Bg5 {(07:08)} Nxf5 {(01:08)} 19. Qxf5 {(00:24)} Nd7 {
(06:07)} 20. Be3 {(03:39)} Qe7 {(03:38)} 21. c4 {(
02:29)} Rf8 {(04:21)} 22. Bc2 {(00:54)} b6 {(02:58)} 23.
b4 {(02:30)} g6 {(02:20)} 24. Qf3 {(00:21)} Qh4 {(
00:23)} 25. Bd3 {(12:07)} Be7 {(00:37)} 26. Kh2 Qf6 {(01:
36)} 27. Qg4 {(02:20)} Rad8 {(00:41)} 28. Rab1 {(01:36)}
Qg7 {(00:51)} 29. a4 {(01:58)} Nf6 {(01:13)} 30. Qf3 {
(00:25)} Nd7 {(00:19)} 31. Rec1 {(00:39)} Rde8 {(
00:23)} 32. Kg1 {(02:07)} Bh4 {(00:39)} 33. Qg4 {(00:09)}
Bd8 {(00:33)} 34. Qxd7 {(00:19)} h5 {(00:07)} 35. c5 {
(01:02)} Re7 {(00:24)} 36. Qc6 {(01:21)} f5 {(00:
21)} 37. Bg5 {(01:17)} Ref7 {(00:26)} 38. Bxd8 {(00:08)}
Rxd8 {(00:00)} 39. cxd6 {(00:33)} cxd6 {(00:02)} 40. Qc2 {
(00:00)} Qf6 {(00:00)} 41. Qd2 {(03:05)} f4 {(08:
30)} 42. Be2 {(00:24)} Qh4 {(01:16)} 43. f3 {(01:09)} Qf6
{(01:21)} 44. Rc6 {(00:51)} g5 {(00:36)} 45. Rbc1 {
(01:01)} Rdd7 {(03:07)} 46. Rc8+ {(01:26)} Kh7 {(
00:54)} 47. Bb5 {(08:23)} Rde7 {(03:21)} 48. Be8 {(01:38)}
1-0

[Event "42nd Olympiad Baku 2016 Women"]
[Site "Baku"]
[Date "2016.09.03"]
[Round "2.4"]
[White "Machlik, Edit"]
[Black "Nemcova, Katerina"]
[Result "1/2-1/2"]
[ECO "E37"]
[WhiteElo "2056"]
[BlackElo "2365"]
[Annotator ""]
[PlyCount "61"]
[EventDate "2016.??.??"]
[EventCountry "AZE"]
[SourceTitle "playchess.com"]
[Source "ChessBase"]
[WhiteTeam "Norway"]
[BlackTeam "United States"]
[WhiteTeamCountry "NOR"]
[BlackTeamCountry "USA"]
[TimeControl "40/5400+30:1800+30"]

1. d4 {(00:00)} Nf6 {(00:00)} 2. c4 {(00:00)} e6 {(
00:00)} 3. Nc3 {(00:00)} Bb4 {(00:00)} 4. Qc2 {(00:00)} d5
{(00:01)} 5. a3 {(00:00)} Bxc3+ {(00:06)} 6. Qxc3 {
(00:00)} Ne4 {(00:10)} 7. Qc2 {(00:40)} c5 {(00:11]
} 8. dxc5 {(01:34)} Nc6 {(00:13)} 9. e3 {(00:43)} Qa5+ {
(00:26)} 10. Bd2 {(00:18)} Nxd2 {(00:18)} 11. Qxd2 {
(00:11)} dxc4 {(00:42)} 12. Qxa5 {(08:58)} Nxa5 {(
00:07)} 13. Rc1 {(00:08)} b5 {(00:18)} 14. cxb6 {(00:08)}
Bb7 {(00:16)} 15. bxa7 {(01:21)} Ke7 {(00:14)} 16. Ne2 {
(03:04)} Rxa7 {(04:25)} 17. Nc3 {(01:53)} Rb8 {(02:
35)} 18. Na2 {(09:30)} Bd5 {(40:37)} 19. Nb4 {(02:00)} Nc6
{(00:17)} 20. Nxc6+ {(13:07)} Bxc6 {(00:06)} 21. Rxc4 {
(14:41)} Ba4 {(12:46)} 22. Bd3 {(08:03)} Rxb2 {(06:
36)} 23. O-O {(04:56)} Rb3 {(13:35)} 24. Bc2 {(01:11)}
Rxa3 {(00:11)} 25. Bxa4 {(00:15)} R3xa4 {(00:05)} 26. Rxa4
{(01:04)} Rxa4 {(00:04)} 27. Rb1 {(00:07)} h5 {(01:
12)} 28. g3 {(01:38)} h4 {(01:04)} 29. Kg2 {(00:12)} g5 {
(04:32)} 30. Rb8 {(02:19)} f5 {(01:51)} 31. Rh8 {(
03:16)} 1/2-1/2

[Event "42nd Olympiad Baku 2016 Women"]
[Site "Baku"]
[Date "2016.09.03"]
[Round "2.5"]
[White "Mamedjarova, Turkan"]
[Black "Nomin-Erdene, Davaademberel"]
[Result "1/2-1/2"]
[ECO "B13"]
[WhiteElo "2304"]
[BlackElo "2422"]
[Annotator ""]
[PlyCount "109"]
[EventDate "2016.??.??"]
[EventCountry "AZE"]
[SourceTitle "playchess.com"]
[Source "ChessBase"]
[WhiteTeam "Azerbaijan"]
[BlackTeam "Mongolia"]
[WhiteTeamCountry "AZE"]
[BlackTeamCountry "MGL"]
[TimeControl "40/5400+30:1800+30"]

1. e4 {(00:00)} c6 {(00:00)} 2. d4 {(00:10)} d5 {(
00:00)} 3. exd5 {(00:43)} cxd5 {(00:00)} 4. Bd3 {(00:28)}
Nc6 {(00:00)} 5. c3 {(00:16)} g6 {(00:20)} 6. h3 {(
00:30)} Bf5 {(02:49)} 7. Nf3 {(02:03)} Bxd3 {(03:47)} 8.
Qxd3 {(01:27)} Nh6 {(01:05)} 9. O-O {(02:14)} Nf5 {
(02:03)} 10. Bf4 {(05:32)} Bg7 {(02:36)} 11. Ne5 {(
06:44)} Nd6 {(09:10)} 12. Nd2 {(13:17)} O-O {(02:24)} 13.
Rfe1 {(02:19)} Rc8 {(09:51)} 14. Re2 {(07:10)} e6 {
(04:38)} 15. Nxc6 {(10:39)} Rxc6 {(01:21)} 16. a4 {
(00:27)} Qb6 {(09:00)} 17. Bxd6 {(11:22)} Rxd6 {(
00:13)} 18. Nf3 {(00:13)} a6 {(06:37)} 19. h4 {(02:48)} f6
{(07:10)} 20. c4 {(06:17)} dxc4 {(05:34)} 21. Qxc4 {
(00:06)} Kh8 {(04:17)} 22. Rae1 {(03:02)} Re8 {(00:
58)} 23. Re3 {(08:48)} Qc6 {(10:35)} 24. Qxc6 {(03:58)}
bxc6 {(00:01)} 25. Rb3 {(01:27)} f5 {(03:57)} 26. Rb6 {
(05:47)} a5 {(01:59)} 27. b3 {(01:24)} h6 {(05:58)}
28. g3 {(00:22)} Ra8 {(02:36)} 29. Rc1 {(00:45)} Rc8 {
(01:53)} 30. Rc5 {(02:21)} Bf6 {(00:07)} 31. Rb7 {(
01:16)} Bd8 {(03:47)} 32. Ne5 {(00:10)} Kg8 {(00:23)} 33.
Nf7 {(01:12)} Rxd4 {(00:23)} 34. Nxd8 Rdxd8 {(00:44)} 35.
Rxa5 {(00:50)} Rb8 {(00:04)} 36. Raa7 {(00:53)} Rxb7 {
(00:48)} 37. Rxb7 {(00:01)} Ra8 {(00:07)} 38. Re7 {
(00:29)} Rb8 {(01:06)} 39. Rxe6 {(00:05)} Kf7 {(00:
04)} 40. Re3 {(00:00)} c5 {(00:00)} 41. h5 {(07:10)} gxh5
{(06:14)} 42. Re5 {(02:42)} Kf6 {(00:34)} 43. Rxc5 {
(00:05)} Rxb3 {(00:12)} 44. Rc6+ {(01:00)} Kg7 {(
03:24)} 45. a5 {(00:24)} Ra3 {(01:22)} 46. a6 {(00:16)}
Ra4 {(04:00)} 47. Rc7+ {(01:27)} Kg6 {(00:06)} 48. Ra7 {
(00:15)} h4 {(01:38)} 49. Kg2 {(01:58)} hxg3 {(07:
02)} 50. fxg3 {(00:52)} h5 {(03:29)} 51. Ra8 {(00:30)} Ra3
{(01:11)} 52. a7 {(05:00)} Kg7 {(00:05)} 53. Kh2 {(
00:33)} Kh7 {(00:42)} 54. Kg2 {(00:19)} Kg7 {(00:10)} 55.
Kh2 {(01:00)} 1/2-1/2

[Event "42nd Olympiad Baku 2016 Women"]
[Site "Baku"]
[Date "2016.09.03"]
[Round "2.13"]
[White "Mamedjarova, Zeinab"]
[Black "Real Pereyra, Diana Carime"]
[Result "0-1"]
[ECO "A45"]
[WhiteElo "2295"]
[BlackElo "2136"]
[Annotator ""]
[PlyCount "120"]
[EventDate "2016.??.??"]
[EventCountry "AZE"]
[SourceTitle "playchess.com"]
[Source "ChessBase"]
[WhiteTeam "Azerbaijan"]
[BlackTeam "Mexico"]
[WhiteTeamCountry "AZE"]
[BlackTeamCountry "MEX"]
[TimeControl "40/5400+30:1800+30"]

1. d4 {(00:00)} Nf6 {(00:00)} 2. Bg5 {(00:00)} Ne4 {
(00:10)} 3. Bf4 {(00:00)} c5 {(00:18)} 4. f3 {(02:
34)} Qa5+ {(00:09)} 5. c3 {(00:44)} Nf6 {(00:13)} 6. d5 {
(01:24)} e6 {(04:12)} 7. e4 {(01:20)} exd5 {(01:57]
} 8. exd5 {(00:07)} d6 {(00:21)} 9. Qe2+ {(03:57)} Be7 {
(00:40)} 10. Bxd6 {(00:58)} Nxd5 {(01:23)} 11. Na3 {
(35:09)} O-O {(07:58)} 12. Bxe7 {(10:39)} Re8 {(02:
57)} 13. O-O-O {(00:10)} Nxe7 {(21:19)} 14. Qb5 {(17:41)}
Nbc6 {(03:21)} 15. Qxa5 {(00:39)} Nxa5 {(00:03)} 16. Nb5 {
(00:26)} Rf8 {(01:26)} 17. Bd3 {(03:57)} a6 {(03:
49)} 18. Nd6 {(01:54)} Be6 {(01:24)} 19. Bb1 {(03:34)} b6
{(05:25)} 20. Ne2 {(00:47)} Nd5 {(15:42)} 21. Ng3 {
(05:09)} Ne3 {(03:39)} 22. Rd2 {(00:48)} Rad8 {(05:
59)} 23. Nge4 {(02:56)} Nac4 {(02:10)} 24. Nxc4 {(00:30)}
Nxc4 {(00:24)} 25. Rxd8 {(00:41)} Rxd8 {(00:01)} 26. Ng5 {
(00:17)} g6 {(03:23)} 27. Nxe6 {(03:27)} fxe6 {(00:
02)} 28. Re1 {(00:12)} Kf7 {(00:26)} 29. a4 {(02:34)} Kf6
{(04:22)} 30. Ba2 {(00:20)} Ne5 {(00:31)} 31. Kc2 {
(01:10)} c4 {(01:47)} 32. Re4 {(00:59)} b5 {(01:17]
} 33. b3 {(00:33)} Rc8 {(07:35)} 34. Rf4+ {(00:35)} Ke7 {
(00:42)} 35. Rh4 {(00:15)} h5 {(00:50)} 36. Re4 {(
00:06)} cxb3+ {(00:34)} 37. Bxb3 {(00:15)} Nc4 {(00:04)}
38. h4 {(01:04)} Kf6 {(01:08)} 39. Rf4+ {(01:00)} Ke7 {
(00:51)} 40. Re4 {(00:00)} Kf6 {(00:00)} 41. g4 {(
09:49)} Rc5 {(08:00)} 42. axb5 {(06:10)} axb5 {(00:12)}
43. Rf4+ {(13:43)} Ke7 {(01:48)} 44. Rd4 {(01:42)} Rc8 {
(04:51)} 45. Re4 {(00:37)} Rc5 {(04:20)} 46. Ba2 {(
00:20)} Rc8 {(00:46)} 47. gxh5 {(01:42)} gxh5 {(00:03)}
48. Kd3 {(00:27)} Rd8+ {(01:52)} 49. Rd4 {(00:01)} Ne5+ {
(01:32)} 50. Ke3 {(00:41)} Rxd4 {(00:34)} 51. cxd4 {
(00:47)} Ng6 {(00:04)} 52. Bb1 {(00:37)} Nxh4 {(00:
49)} 53. Ke4 {(00:31)} Kf6 {(07:09)} 54. f4 {(00:13)} Nf5
{(01:57)} 55. d5 {(00:45)} exd5+ {(01:06)} 56. Kxd5 {
(00:05)} Ng3 {(01:08)} 57. Kc5 {(00:53)} h4 {(00:
03)} 58. Bc2 {(00:28)} h3 {(00:15)} 59. Bd1 {(00:13)} Ne4+
{(01:25)} 60. Kd4 {(00:16)} Nd2 {(00:22)} 0-1